 Dungeon Crawl Stone Soup version 0.23-a0-667-gc184e93 (console) character file.

8 Duffy the Magician (level 2, 19/19 HPs)
             Began as a Demonspawn Wizard on Jan 8, 2019.
             Quit the game on level 2 of the Dungeon.
             The game lasted 00:00:28 (693 turns).

Duffy the Magician (Demonspawn Wizard)               Turns: 693, Time: 00:00:28

Health: 19/19      AC:  2    Str:  7    XL:     2   Next: 0%
Magic:  3/6        EV: 12    Int: 19    God:
Gold:   22         SH:  0    Dex: 11    Spells: 6/7 levels left

rFire    . . .     SeeInvis .   e - +0 dagger
rCold    . . .     Gourm    .   (no shield)
rNeg     . . .     Faith    .   a - +0 robe
rPois    .         Spirit   .   b - +0 hat
rElec    .         Reflect  .   (no cloak)
rCorr    .         Harm     .   (no gloves)
MR       .....                  (no boots)
Stlth    ++........             (no amulet)
HPRegen  0.06/turn              (no ring)
MPRegen  0.10/turn              (no ring)

@: no status effects
A: antennae 1
a: no special abilities


You were on level 2 of the Dungeon.
You were not hungry.

You visited 1 branch of the dungeon, and saw 2 of its levels.

You collected 22 gold pieces.

Inventory:

Hand Weapons
 e - a +0 dagger (weapon)
Armour
 a - a +0 robe (worn)
 b - a +0 hat (worn)
Scrolls
 c - a scroll of identify {unknown}
Comestibles
 d - 2 rations


   Skills:
 - Level 1.7 Dodging
 - Level 1.7 Stealth
 - Level 3.0 Spellcasting
 + Level 2.1 Conjurations
   Level 1.0 Summonings
   Level 0.8 Translocations


You had 6 spell levels left.
You knew the following spells:

 Your Spells              Type           Power        Failure   Level  Hunger
h - Magic Dart            Conj           ##..         6%          1    None

Your spell library contained the following spells:

 Spells                   Type           Power        Failure   Level  Hunger
 Blink                    Tloc           N/A          16%         2    ##.....
 Call Imp                 Summ           #.......     16%         2    ##.....
 Slow                     Hex            #.......     22%         2    ##.....
 Conjure Flame            Conj/Fire      #.......     30%         3    ###....
 Mephitic Cloud           Conj/Pois/Air  #.......     34%         3    ###....


Dungeon Overview and Level Annotations

Branches:
Dungeon (1/15)

Altars:


Innate Abilities, Weirdness & Mutations

You have a pair of small antennae on your head.


Message History

Casting: Magic Dart (safe; 7% risk of failure)
Confirm with . or Enter, or press ? or * to list all spells.
Aiming: Magic Dart (safe; 7% risk of failure)
Press: ? - help, Shift-Dir - straight line, f - goblin
Aim: a goblin The magic dart hits the goblin.
The goblin is heavily wounded.
A frilled lizard comes into view.
Casting: Magic Dart (safe; 7% risk of failure)
Confirm with . or Enter, or press ? or * to list all spells.
Aiming: Magic Dart (safe; 7% risk of failure)
Press: ? - help, Shift-Dir - straight line, f/p - goblin
Aim: a goblin (heavily wounded)
The magic dart hits the goblin.
You kill the goblin!
You have reached level 2!
Your demonic ancestry asserts itself...
A pair of antennae grows on your head!
The frilled lizard hisses angrily.
Are you sure you want to abandon this character and quit the game? (Confirm

#### ....
####..###
#.@.....#
#.#####.#
... #l##
.S. ...
... ...


You could see an adder and a frilled lizard.

Vanquished Creatures
  2 bats (D:1)
  A giant cockroach (D:1)
  3 goblins
6 creatures vanquished.

Notes
Turn   | Place    | Note
-------+----------+-------------------------------------------
     0 | D:1      | Duffy the Demonspawn Wizard began the quest for the Orb.
     0 | D:1      | Reached XP level 1. HP: 13/13 MP: 4/4
   690 | D:1      | You fall through a shaft!
   692 | D:2      | Gained mutation: You have a pair of small antennae on your
                  | head. [demonic ancestry]
   692 | D:2      | Reached XP level 2. HP: 19/19 MP: 3/6
   693 | D:2      | Quit the game

Vault maps used:
D:1:      mrwooster_arrival_statue_2
D:2:      serial_glass, glass_columns_b, glass_columns_c, first_ration,
          uniq_jessica

Skill      XL: |  1 |
---------------+----+-----
Conjurations   | 2 |  2.1
Dodging        | |  1.7
Stealth        | |  1.7
Spellcasting   | |  3.0
Summonings     | |  1.0
Translocations | |  0.8

Action                   || total
-------------------------++-------
Melee: Unarmed           ||    33
       Dagger            ||     4
 Cast: Magic Dart        ||    16
Armor: Robe              ||    12
Dodge: Dodged            ||    37

Table legend:
 A = Non-vault XP
 B = Vault XP
 C = Vault XP percentage of total XP
 D = Non-vault monster count
 E = Vault monster count
 F = Vault count percentage of total count
                 A         B        C        D         E       F
            +---------+---------+-------+---------+---------+-------
      Total |      12 |       0 |   0.0 |       6 |       0 |   0.0
            +---------+---------+-------+---------+---------+-------
        D:1 |      10 |       0 |   0.0 |       5 |       0 |   0.0
        D:2 |       2 |       0 |   0.0 |       1 |       0 |   0.0
            +---------+---------+-------+---------+---------+-------
